 Dungeon Crawl Stone Soup version 0.21.1-1-g345015f (webtiles) character file.

1260 tkdonut the Cleaver (level 8, -7/73 HPs)
             Began as a Hill Orc Berserker on July 9, 2018.
             Was a Priest of Trog.
             Mangled by an apocalypse crab (12 damage)
             ... on level 1 of the Abyss.
             The game lasted 00:13:54 (5956 turns).

tkdonut the Cleaver (Hill Orc Berserker)            Turns: 5956, Time: 00:13:54

Health: -7/73      AC:  9    Str: 21    XL:     8   Next: 52%
Magic:  4/8        EV:  9    Int:  7    God:    Trog [***...]
Gold:   320        SH:  0    Dex: 11    Spells: 7/7 levels left

rFire    + . .     SeeInvis +   y - +4 mace "Tenil" {pain, SInv}
rCold    . . .     Gourm    .   (no shield)
rNeg     . . .     Faith    .   i - +0 chain mail
rPois    .         Spirit   .   (no helmet)
rElec    .         Reflect  .   (no cloak)
rCorr    +         Harm     .   (no gloves)
MR       .....                  (no boots)
Stlth    ..........             v - amulet of inaccuracy (curse)
HPRegen  0.22/turn              h - ring of resist corrosion
MPRegen  0.11/turn              u - ring of protection from fire

@: berserk cooldown, slowed, drained, very slow
A: no striking features
a: Berserk, Trog's Hand, Burn Spellbooks, Renounce Religion


You were on level 1 of the Abyss.
You worshipped Trog.
Trog was most pleased with you.
You were very hungry.

You visited 1 branch of the dungeon, and saw 6 of its levels.
You visited the Abyss 1 time.

You collected 320 gold pieces.

Inventory:

Hand Weapons
 a - a +1 hand axe
 r - a +0 war axe
 t - a +0 war axe
 y - the +4 mace "Tenil" (weapon) {pain, SInv}
   (You found it on level 6 of the Dungeon)

   In the hands of one skilled in necromantic magic, it inflicts extra damage on
   living creatures.
   It lets you see invisible.
Armour
 b - a +0 animal skin
 i - a +0 chain mail (worn)
 m - a cursed +0 plate armour
Jewellery
 d - a -4 ring of dexterity
 f - an uncursed ring of protection from magic
 h - a ring of resist corrosion (left hand)
 j - an uncursed ring of ice
 q - an uncursed ring of loudness
 u - a ring of protection from fire (right hand)
 v - a cursed amulet of inaccuracy (around neck)
Wands
 o - a wand of disintegration (18)
Scrolls
 g - 3 scrolls of teleportation
 k - 2 scrolls of identify
 s - a scroll of immolation
Potions
 e - a potion of haste
 l - a potion of lignification {unknown}
 n - a potion of magic {unknown}
 p - 2 potions of agility {unknown}
 w - a potion of ambrosia {unknown}
 x - a potion of curing {unknown}
 A - a potion of flight {unknown}
 B - a potion of might {unknown}
Comestibles
 c - 8 rations


   Skills:
 + Level 7.0(5.9) Fighting
 - Level 8.1(6.9) Axes
 * Level 0.0(3.0) Maces & Flails
 + Level 5.5(4.4) Armour
 + Level 4.2(3.1) Dodging
 - Level 0.1(0.0) Stealth


You had 7 spell levels left.
You didn't know any spells.

Dungeon Overview and Level Annotations

Branches:
Dungeon (6/15)             Temple (0/1) D:5

Altars:
Cheibriados
Gozag
Sif Muna
The Shining One

Shops:
D:4 =

Annotations:
D:6 Crazy Yiuf


Message History

The apocalypse crab claws you!
You feel your power leaking away.
The apocalypse crab bites you but does no damage.
The apocalypse crab claws you!
The apocalypse crab draws strength from your injuries!
The efreet gestures at you.
The bolt of fire hits the apocalypse crab.
The apocalypse crab resists.
The bolt of fire hits you! You resist. The apocalypse crab barely misses you.
The apocalypse crab claws you.
You are engulfed in flames.
You resist.
* * * LOW HITPOINT WARNING * * *
The efreet gestures at you.
The bolt of fire hits the apocalypse crab.
The apocalypse crab resists.
The bolt of fire hits you! You resist.
* * * LOW HITPOINT WARNING * * *
The apocalypse crab bites you but does no damage.
The apocalypse crab claws you!
* * * LOW HITPOINT WARNING * * *
The apocalypse crab freezes you!
You die...

##..#..# . #
#..#.##....
##..#.# .#.#
###....# # (
#§§§...
#§§##.R##.##
....
#...##.##
#.#
#..t....#.#
# ###@.....#
#.###..#..
## #..# .##


You could see an apocalypse crab and an efreet.

Vanquished Creatures
  An ice beast (D:5)
  A sky beast (D:2)
  2 ogres (D:5)
  2 centaurs (D:5)
  Blork the orc (D:5)
  The ghost of dscm the Grave Robber, a weakling OpNe (D:4)
  A crimson imp (D:5)
  An orc priest (D:3)
  3 hounds
  3 orc wizards
  Jessica (D:2)
  4 worker ants
  A killer bee zombie (D:5)
  6 gnolls
  10 adders
  2 oozes
  An adder zombie (D:6)
  A worm (D:5)
  3 dart slugs
  3 leopard geckos
  15 orcs
  3 giant cockroaches
  4 goblins
  9 hobgoblins
  11 jackals
  6 kobolds
  A quokka (D:3)
  2 ball pythons
  10 bats
  4 frilled lizards
  A giant cockroach zombie (D:5)
  5 rats
  A fungus (D:6)
120 creatures vanquished.

Notes
Turn   | Place    | Note
-------+----------+-------------------------------------------
     0 | D:1      | tkdonut the Hill Orc Berserker began the quest for the Orb.
     0 | D:1      | Reached XP level 1. HP: 19/19 MP: 1/1
   102 | D:1      | Reached XP level 2. HP: 27/27 MP: 2/2
   371 | D:1      | Reached XP level 3. HP: 30/33 MP: 3/3
  1175 | D:2      | Reached skill level 5 in Axes
  1285 | D:2      | Reached XP level 4. HP: 37/41 MP: 4/4
  1515 | D:2      | Reached ** piety under Trog
  1551 | D:2      | Noticed Jessica
  1555 | D:2      | Killed Jessica
  1898 | D:2      | Found a faded altar of an unknown god.
  2054 | D:3      | Noticed a sky beast
  2190 | D:2      | Killed a sky beast
  2190 | D:2      | Reached skill level 5 in Fighting
  2190 | D:2      | Reached skill level 6 in Axes
  2190 | D:2      | Reached XP level 5. HP: 12/48 MP: 5/5
  2535 | D:3      | Found a snail-covered altar of Cheibriados.
  2740 | D:3      | Reached XP level 6. HP: 49/56 MP: 6/6
  3615 | D:4      | Noticed dscm's ghost (weakling OpNe)
  3627 | D:4      | Killed dscm's ghost
  3694 | D:4      | Found Mysorgh's Jewellery Shoppe.
  3725 | D:4      | Reached XP level 7. HP: 52/61 MP: 7/7
  3908 | D:4      | Found an opulent altar of Gozag.
  3914 | D:4      | Found a deep blue altar of Sif Muna.
  3920 | D:4      | Found a glowing golden altar of the Shining One.
  4595 | D:5      | Entered Level 5 of the Dungeon
  4606 | D:5      | Reached skill level 7 in Axes
  4925 | D:5      | Reached *** piety under Trog
  5074 | D:5      | Reached XP level 8. HP: 48/71 MP: 8/8
  5161 | D:5      | Reached skill level 5 in Armour
  5177 | D:5      | Noticed Blork the orc
  5189 | D:5      | Killed Blork the orc
  5449 | D:5      | Found a staircase to the Ecumenical Temple.
  5671 | D:5      | Reached skill level 8 in Axes
  5915 | D:6      | Got a crystal mace
  5916 | D:6      | Identified the +4 mace "Tenil" {pain, SInv} (You found it on level 6 of the Dungeon)
  5919 | D:6      | Found a runed door.
  5923 | D:6      | Noticed Crazy Yiuf
  5925 | D:6      | Cast into level 1 of the Abyss (Crazy Yiuf)
  5949 | Abyss:1  | Noticed an apocalypse crab
  5952 | Abyss:1  | Noticed an efreet
  5956 | Abyss:1  | Mangled by an apocalypse crab

Skill      XL: |  1  2  3  4  5  6  7  8 |
---------------+-------------------------+-----
Fighting       | 4 5 6 7 |  7.0
Axes           | 5 6 7 8 |  8.1
Dodging        | 2 3 4 |  4.2
Armour         | 3 4 5 |  5.5
Stealth        | |  0.1

Action                   |  1- 3 |  4- 6 |  7- 9 || total
-------------------------+-------+-------+-------++-------
Melee: Hand axe          |    97 |   225 |    91 ||   413
       War axe           |       |       |    51 ||    51
Invok: Berserk           |       |     3 |    10 ||    13
       Trog's Hand       |       |     1 |       ||     1
  Use: Scroll            |     3 |     3 |     3 ||     9
 Stab: Sleeping          |     1 |       |       ||     1
  Eat: Chunk             |     1 |    10 |    14 ||    25
       Ration            |       |     1 |       ||     1
Armor: Animal skin       |    15 |       |       ||    15
       Chain mail        |    24 |   153 |    57 ||   234
Dodge: Dodged            |    46 |    92 |    57 ||   195
